PCL
HOUSTON HAMMERTIME @ SPOKANE TRAPPERS
09/10/2023
 
TOP OF THE 1ST
Houston Hammertime batting - Pitching for Spokane Trappers : LHP Adrián León
Pitching: LHP Adrián León
Batting: LHB Fernando Camacho 0-0: Ball
1-0: Ball
2-0: Called Strike
2-1: Called Strike
2-2: Foul Ball, location: 2F
2-2: Ball
3-2: Base on Balls
Batting: RHB Emílio Carrillo 0-0: Ball
1-0: Ball
2-0: Ball
3-0: Foul Ball, location: 2F
3-1: Base on Balls
Fernando Camacho to second
Batting: RHB Mario Beltrán 0-0: Grounds into double play, 6-4-3 (Groundball, 6M)
Fernando Camacho to third
Batting: RHB Luis Barzaga 0-0: Ball
1-0: Called Strike
1-1: Called Strike
1-2: Fly out, F2 (Popup, 2LF)
Top of the 1st over - 0 run(s), 0 hit(s), 0 error(s), 1 left on base; Houston 0 - Spokane 0
BOTTOM OF THE 1ST
Spokane Trappers batting - Pitching for Houston Hammertime : LHP Martín Reyes
Pitching: LHP Martín Reyes
Batting: LHB Keith Browne 0-0: Called Strike
0-1: Ball
1-1: Ball
2-1: Ball
3-1: Base on Balls
Batting: RHB Guy Miller 0-0: Called Strike
0-1: Ball
1-1: Hit by Pitch
Keith Browne to second
Batting: LHB Juan Cortés 0-0: Called Strike
0-1: Swinging Strike
0-2: Ball
1-2: Foul Ball, location: 2F
1-2: Strikes out swinging
Batting: LHB Pete Carter 0-0: Called Strike
0-1: Ball
1-1: Ball
2-1: Foul Ball, location: 2F
2-2: Strikes out swinging
Batting: LHB Melvin White 0-0: Called Strike
0-1: Called Strike
0-2: Foul Ball, location: 2F
0-2: Ball
1-2: Ball
2-2: Foul Ball, location: 2F
2-2: 3-RUN HOME RUN (Flyball, 8LXD), Distance : 423 ft
Batting: RHB Hyo-sang Yu 0-0: Called Strike
0-1: Foul Ball, location: 2F
0-2: Ball
1-2: Fly out, F6 (Popup, 6M)
Bottom of the 1st over - 3 run(s), 1 hit(s), 0 error(s), 0 left on base; Houston 0 - Spokane 3
TOP OF THE 2ND
Houston Hammertime batting - Pitching for Spokane Trappers : LHP Adrián León
Batting: SHB Cristo Ontiveros 0-0: Foul Ball, location: 2F
0-1: Ball
1-1: Called Strike
1-2: Foul Ball, location: 2F
1-2: Foul Ball, location: 2F
1-2: Ground out 5-3 (Groundball, 5)
Batting: RHB Robert Powell 0-0: Called Strike
0-1: SINGLE (Line Drive, 34D)
Batting: RHB Alberto Cruz 0-0: Called Strike
Robert Powell is caught stealing 2nd base
0-1: SINGLE (Line Drive, 78M)
Batting: LHB Felipe Cruz 0-0: Called Strike
0-1: Ball
1-1: Ball
2-1: SINGLE (Groundball, 34D)
Alberto Cruz to second
Runner from 2nd tries for 3rd, SAFE, throw made to third
Batting: LHB Jerry Ritchie 0-0: Foul Ball, location: 2F
0-1: Ball
1-1: Ground out 1-3 (Groundball, 25)
Top of the 2nd over - 0 run(s), 3 hit(s), 0 error(s), 2 left on base; Houston 0 - Spokane 3
BOTTOM OF THE 2ND
Spokane Trappers batting - Pitching for Houston Hammertime : LHP Martín Reyes
Batting: LHB Henry Leroux 0-0: Ball
1-0: Ball
2-0: Swinging Strike
2-1: Foul Ball, location: 2F
2-2: Fly out, F8 (Flyball, 8LD)
Batting: RHB Carmelo Hernández 0-0: Swinging Strike
0-1: Ball
1-1: Foul Ball, location: 2F
1-2: Strikes out swinging
Batting: LHB Jaime Padilla 0-0: Ball
1-0: Ground out 6-3 (Groundball, 6)
Bottom of the 2nd over - 0 run(s), 0 hit(s), 0 error(s), 0 left on base; Houston 0 - Spokane 3
TOP OF THE 3RD
Houston Hammertime batting - Pitching for Spokane Trappers : LHP Adrián León
Batting: LHB Fernando Camacho 0-0: Called Strike
0-1: Swinging Strike
0-2: Strikes out swinging
Batting: RHB Emílio Carrillo 0-0: Ball
1-0: Ball
2-0: Ground out 4-3 (Groundball, 34)
Batting: RHB Mario Beltrán 0-0: Ground out 5-3 (Groundball, 5L)
Top of the 3rd over - 0 run(s), 0 hit(s), 0 error(s), 0 left on base; Houston 0 - Spokane 3
BOTTOM OF THE 3RD
Spokane Trappers batting - Pitching for Houston Hammertime : LHP Martín Reyes
Batting: LHB Keith Browne 0-0: Ball
1-0: SINGLE (Groundball, 13S) (infield hit)
Batting: RHB Guy Miller 0-0: Called Strike
0-1: Ball
1-1: Fly out, F8 (Flyball, 8RXD)
Batting: LHB Juan Cortés 0-0: Called Strike
0-1: Ball
1-1: Foul Ball, location: 2F
1-2: Ball
2-2: Ball
3-2: Foul Ball, location: 2F
3-2: DOUBLE (Line Drive, 7LD)
Keith Browne to third
Batting: LHB Pete Carter 0-0: Swinging Strike
0-1: Ball
1-1: Foul Ball, location: 2F
1-2: Strikes out looking
Batting: LHB Melvin White 0-0: Called Strike
0-1: Swinging Strike
0-2: Strikes out swinging
Bottom of the 3rd over - 0 run(s), 2 hit(s), 0 error(s), 2 left on base; Houston 0 - Spokane 3
TOP OF THE 4TH
Houston Hammertime batting - Pitching for Spokane Trappers : LHP Adrián León
Batting: RHB Luis Barzaga 0-0: Fly out, F8 (Flyball, 8LXD)
Batting: SHB Cristo Ontiveros 0-0: Swinging Strike
0-1: Foul Ball, location: 2F
0-2: Ball
1-2: Ball
2-2: Ball
3-2: Foul Ball, location: 2F
3-2: Foul Ball, location: 2F
3-2: Ground out 5-3 (Groundball, 5)
Batting: RHB Robert Powell 0-0: Ball
1-0: Ball
2-0: Called Strike
2-1: Foul Ball, location: 2F
2-2: Ball
3-2: Ground out 6-3 (Groundball, 6)
Top of the 4th over - 0 run(s), 0 hit(s), 0 error(s), 0 left on base; Houston 0 - Spokane 3
BOTTOM OF THE 4TH
Spokane Trappers batting - Pitching for Houston Hammertime : LHP Martín Reyes
Batting: RHB Hyo-sang Yu 0-0: Ball
1-0: SINGLE (Line Drive, 89S)
Batting: LHB Henry Leroux 0-0: Ball
1-0: Called Strike
1-1: Foul Ball, location: 2F
1-2: Grounds into double play, 4-6-3 (Groundball, 34)
Batting: RHB Carmelo Hernández 0-0: Ball
1-0: Foul Ball, location: 2F
1-1: Ball
2-1: SINGLE (Line Drive, 4M)
Batting: LHB Jaime Padilla 0-0: Ground out 6-3 (Groundball, 6)
Bottom of the 4th over - 0 run(s), 2 hit(s), 0 error(s), 1 left on base; Houston 0 - Spokane 3
TOP OF THE 5TH
Houston Hammertime batting - Pitching for Spokane Trappers : LHP Adrián León
Batting: RHB Alberto Cruz 0-0: Ball
1-0: SOLO HOME RUN (Flyball, 7D), Distance : 366 ft
Batting: LHB Felipe Cruz 0-0: Called Strike
0-1: Ball
1-1: Ball
2-1: SINGLE (Groundball, 34)
Batting: LHB Jerry Ritchie 0-0: Foul Ball, location: 2F
0-1: Foul Ball, location: 2F
0-2: Foul Ball, location: 2F
0-2: Ball
1-2: Ball
2-2: Grounds into double play, 6-4-3 (Groundball, 6)
Batting: LHB Fernando Camacho 0-0: Ball
1-0: Ball
2-0: Foul Ball, location: 2F
2-1: Foul Ball, location: 2F
2-2: Foul Ball, location: 2F
2-2: Foul Ball, location: 2F
2-2: Strikes out looking
Top of the 5th over - 1 run(s), 2 hit(s), 0 error(s), 0 left on base; Houston 1 - Spokane 3
BOTTOM OF THE 5TH
Spokane Trappers batting - Pitching for Houston Hammertime : LHP Martín Reyes
Batting: LHB Keith Browne 0-0: Swinging Strike
0-1: Swinging Strike
0-2: Strikes out looking
Batting: RHB Guy Miller 0-0: Fly out, F7 (Flyball, 78M)
Batting: LHB Juan Cortés 0-0: Ball
1-0: Ground out 4-3 (Groundball, 4)
Bottom of the 5th over - 0 run(s), 0 hit(s), 0 error(s), 0 left on base; Houston 1 - Spokane 3
TOP OF THE 6TH
Houston Hammertime batting - Pitching for Spokane Trappers : LHP Adrián León
Batting: RHB Emílio Carrillo 0-0: Ball
1-0: Ground out 5-3 (Groundball, 5L)
Batting: RHB Mario Beltrán 0-0: Called Strike
0-1: Ball
1-1: Ground out 6-3 (Groundball, 56)
Batting: RHB Luis Barzaga 0-0: Fly out, F9 (Flyball, 89D)
Top of the 6th over - 0 run(s), 0 hit(s), 0 error(s), 0 left on base; Houston 1 - Spokane 3
BOTTOM OF THE 6TH
Spokane Trappers batting - Pitching for Houston Hammertime : LHP Martín Reyes
Batting: LHB Pete Carter 0-0: Called Strike
0-1: Ball
1-1: Foul Ball, location: 2F
1-2: TRIPLE (Flyball, 89XD)
Batting: LHB Melvin White 0-0: Swinging Strike
0-1: Ball
1-1: Ground out 6-3 (Groundball, 6)
Batting: RHB Hyo-sang Yu 0-0: Ball
1-0: Ball
Wild Pitch!
Pete Carter scores
2-0: Ball
3-0: Base on Balls
Batting: LHB Henry Leroux 0-0: Ball
1-0: Foul Ball, location: 2F
1-1: Foul Ball, location: 2F
1-2: Ball
2-2: Ball
3-2: Fly out, F8 (Flyball, 8RD)
Batting: RHB Carmelo Hernández 0-0: Foul Ball, location: 2F
0-1: Ball
1-1: Ball
2-1: Swinging Strike
2-2: Foul Ball, location: 2F
2-2: Ball
3-2: Base on Balls
Hyo-sang Yu to second
Pitching: RHP León Gómez
Batting: LHB Jaime Padilla 0-0: Ball
1-0: Called Strike
1-1: Ball
2-1: Ball
3-1: 3-RUN HOME RUN (Flyball, 9D), Distance : 369 ft
Batting: LHB Keith Browne 0-0: Ball
1-0: Ball
2-0: Fly out, F8 (Flyball, 8LD)
Bottom of the 6th over - 4 run(s), 2 hit(s), 0 error(s), 0 left on base; Houston 1 - Spokane 7
TOP OF THE 7TH
Houston Hammertime batting - Pitching for Spokane Trappers : LHP Adrián León
Pitching: RHP Ching-wei Zi
Batting: SHB Cristo Ontiveros 0-0: Fly out, F5 (Popup, 5S)
Batting: RHB Robert Powell 0-0: Ground out U3 (Groundball, 3)
Batting: RHB Alberto Cruz 0-0: Swinging Strike
0-1: Ball
1-1: Foul Ball, location: 2F
1-2: Ball
2-2: Ground out 6-3 (Groundball, 6M)
Top of the 7th over - 0 run(s), 0 hit(s), 0 error(s), 0 left on base; Houston 1 - Spokane 7
BOTTOM OF THE 7TH
Spokane Trappers batting - Pitching for Houston Hammertime : RHP León Gómez
Batting: RHB Guy Miller 0-0: Called Strike
0-1: Ball
1-1: Ball
2-1: SINGLE (Flyball, 9S)
Batting: LHB Juan Cortés 0-0: Swinging Strike
0-1: Ball
1-1: Ball
2-1: Ball
3-1: Foul Ball, location: 2F
3-2: Base on Balls
Guy Miller to second
Batting: LHB Pete Carter 0-0: Ball
1-0: Ball
2-0: Foul Ball, location: 2F
2-1: Ball
3-1: Base on Balls
Guy Miller to third
Juan Cortés to second
Batting: LHB Melvin White 0-0: Ball
1-0: Ball
2-0: Called Strike
2-1: Ball
3-1: Foul Ball, location: 2F
3-2: Foul Ball, location: 2F
3-2: Fly out, F7 (Flyball, 7D)
Runner from 3rd tags up, SCORES, no throw
Juan Cortés to third
Batting: RHB Hyo-sang Yu 0-0: Ball
1-0: Foul Ball, location: 2F
1-1: Foul Ball, location: 2F
1-2: Foul Ball, location: 2F
1-2: Strikes out swinging
Batting: LHB Henry Leroux 0-0: Ball
1-0: Ball
2-0: Called Strike
2-1: Foul Ball, location: 2F
2-2: SINGLE (Line Drive, 7S)
Juan Cortés scores
Pete Carter to second
Batting: RHB Carmelo Hernández 0-0: Swinging Strike
0-1: Foul Ball, location: 2F
0-2: Strikes out swinging
Bottom of the 7th over - 2 run(s), 2 hit(s), 0 error(s), 2 left on base; Houston 1 - Spokane 9
TOP OF THE 8TH
Houston Hammertime batting - Pitching for Spokane Trappers : RHP Ching-wei Zi
Batting: LHB Felipe Cruz 0-0: Ball
1-0: Called Strike
1-1: Ground out 4-3 (Groundball, 4)
Batting: LHB Jerry Ritchie 0-0: SINGLE (Groundball, 4MD)
Batting: LHB Fernando Camacho 0-0: Called Strike
0-1: Ball
1-1: Swinging Strike
1-2: Ball
2-2: Fly out, F7 (Line Drive, 78M)
Batting: RHB Emílio Carrillo 0-0: Ground out 4-3 (Groundball, 34)
Top of the 8th over - 0 run(s), 1 hit(s), 0 error(s), 1 left on base; Houston 1 - Spokane 9
BOTTOM OF THE 8TH
Spokane Trappers batting - Pitching for Houston Hammertime : RHP León Gómez
Pitching: RHP Júlio Martínez
Batting: LHB Jaime Padilla 0-0: Ball
1-0: Swinging Strike
1-1: Ball
2-1: Ball
3-1: Ground out 1-3 (Groundball, 13)
Batting: LHB Keith Browne 0-0: Ball
1-0: Ball
2-0: Swinging Strike
2-1: Called Strike
2-2: Foul Ball, location: 2F
2-2: Foul Ball, location: 2F
2-2: Ball
3-2: SOLO HOME RUN (Flyball, 7LD), Distance : 364 ft
Batting: RHB Guy Miller 0-0: Ground out 6-3 (Groundball, 6M)
Batting: LHB Juan Cortés 0-0: Ball
1-0: Fly out, F5 (Popup, 5F)
Bottom of the 8th over - 1 run(s), 1 hit(s), 0 error(s), 0 left on base; Houston 1 - Spokane 10
TOP OF THE 9TH
Houston Hammertime batting - Pitching for Spokane Trappers : RHP Ching-wei Zi
Batting: RHB Mario Beltrán 0-0: Called Strike
0-1: Swinging Strike
0-2: Ground out 6-3 (Groundball, 6)
Batting: RHB Luis Barzaga 0-0: Called Strike
0-1: Ball
1-1: Foul Ball, location: 2F
1-2: Ground out U3 (Groundball, 3)
Batting: SHB Cristo Ontiveros 0-0: Ball
1-0: SINGLE (Line Drive, 6)
Batting: RHB Robert Powell 0-0: Ground out 4-3 (Groundball, 4)
Top of the 9th over - 0 run(s), 1 hit(s), 0 error(s), 1 left on base; Houston 1 - Spokane 10
This league is powered by Out of the Park Baseball, the baseball management simulation game for PC, Mac and Linux
Wednesday, December 2nd, 2015 - OOTP Baseball 16.8 Build 38